 Dungeon Crawl Stone Soup version 0.30-a0-600-gb7c8574cbb (webtiles) character file.

Game seed: 1440224969440648291

720 willwatts the Magician (level 8, -1/55 HPs)
             Began as a Djinni Fire Elementalist on Jan 7, 2023.
             Was an Initiate of Qazlal.
             Slain by an iguana (5 damage)
             ... on level 5 of the Dungeon.
             The game lasted 01:01:51 (4591 turns).

willwatts the Magician (Djinni Fire Elementalist)   Turns: 4591, Time: 01:01:52

Health: -1/55      AC:  6    Str:  9    XL:     8   Next: 2%
Gold:   212        EV: 11    Int: 22    God:    Qazlal [......] SH:  0 Dex: 14

rFire   + + .      SeeInvis .    G - +3 dagger "Rankutah" {heavy, rC+ Int+5}
rCold   . . .      Faith    .    (no shield)
rNeg    . . .      Spirit   .    q - +0 ring mail
rPois   ∞          Reflect  .    v - +0 helmet
rElec   .          Harm     .    (no cloak)
rCorr   .          Rampage  .    (no gloves)
Will    .....                    (boots unavailable)
Stlth   +                        h - amulet of regeneration
HPRegen 1.09/turn                (no ring)
MPRegen 0.00/turn                (no ring)

@: flying
A: sickness immunity, fire resistance 2, cold vulnerability 1, float, innate
caster, HP casting, extra vitality 1
a: Renounce Religion


You were on level 5 of the Dungeon.
You worshipped Qazlal.
Qazlal was noncommittal.
You visited 2 branches of the dungeon, and saw 7 of its levels.

You collected 212 gold pieces.

Inventory:

Hand Weapons
 d - a +0 heavy sling
 e - a +0 dagger
 f - a +0 trident
 g - a +0 short sword
 m - a +0 mace
 w - a +0 whip
 D - a +0 spear
 G - the +3 dagger "Rankutah" (weapon) {heavy, rC+ Int+5}
   (You found it on level 4 of the Dungeon)

   Int:       It affects your intelligence (+5).
   rC:        It protects you from cold.
 J - a +0 great sword
 R - a +0 falchion
Missiles
 y - 2 javelins
 F - 5 poisoned darts
 N - 3 boomerangs (quivered)
 S - a throwing net
Armour
 a - a +0 robe
 n - a +0 pair of boots
 o - a +0 leather armour
 q - a +0 ring mail (worn)
 r - a +0 leather armour
 v - a +0 helmet (worn)
 O - a +0 leather armour
Magical Staves
 H - a staff of conjuration
Jewellery
 h - an amulet of regeneration (around neck)
 C - a ring of wizardry
Wands
 x - a wand of flame (14)
 P - a wand of charming (14)
 Q - a wand of quicksilver (9)
Scrolls
 c - a scroll of poison
 j - a scroll of noise {unknown}
 l - a scroll of teleportation {unknown}
 t - 4 scrolls of fear {unknown}
 A - 4 scrolls of enchant armour {unknown}
 I - a scroll of amnesia {unknown}
Potions
 b - a potion of magic
 i - 3 potions of might
 k - a potion of lignification {unknown}
 p - 3 potions of heal wounds {unknown}
 s - a potion of attraction {unknown}
 z - a potion of curing {unknown}
 B - a potion of invisibility {unknown}
 E - 3 potions of mutation {unknown}
 K - a potion of brilliance {unknown}
 L - a potion of cancellation {unknown}
 T - a potion of haste {unknown}


   Skills:
 + Level 2.5 Fighting
 + Level 1.2 Short Blades
 + Level 1.3 Ranged Weapons
 + Level 2.2 Throwing
 + Level 3.4 Armour
 + Level 3.2 Dodging
 + Level 2.4 Stealth
 + Level 4.0 Spellcasting
 + Level 0.7 Evocations


You couldn't memorise any spells.
You knew the following spells:

 Your Spells              Type           Power      Damage    Failure   Level
a - Foxfire               Conj/Fire      88%        2x1d8     5%          1
b - Scorch                Fire           44%        2d7       9%          2
c - Kindle Blastsparks    Fire/Tloc/Air  44%        2d13      17%         3
d - Inner Flame           Hex/Fire       22%        N/A       17%         3
e - Flame Wave            Conj/Fire      22%        2d8       50%         4
f - Necrotise             Necr           88%        1d8       5%          1
g - Wereblood             Tmut           22%        N/A       9%          2
h - Teleport Other        Tloc           22%        N/A       17%         3
Your spell library was empty.

Dungeon Overview and Level Annotations

Branches:
Dungeon (6/15)             Temple (1/1) D:5

Altars:
Cheibriados
Dithmenos
Fedhas
Hepliaklqana
Makhleb
Nemelex Xobeh
Okawaru
Qazlal
Ru
Wu Jian
Xom
Yredelemnul
The Shining One

Shops:
D:1 (


Innate Abilities, Weirdness & Mutations

You are immune to sickness and miasma.
You are immune to poison.
Your flesh is very heat resistant. (rF++)
You are vulnerable to cold. (rC-)
You float through the air rather than walking.
You learn spells naturally, not from books.
Your magical power is your life essence.
You have superior vitality. (+4 MHP)


Message History

You kill the kobold!
Qazlal accepts your kill. The bullfrog hits you. The iguana closely misses you.
The bullfrog hits you!
Casting: Scorch (safe; 9% risk of failure)
Confirm with . or Enter, or press ? or * to list all spells.
Flames lash the kobold brigand.
The kobold brigand is almost dead.
The kobold brigand's fire resistance burns away.
You hear an angry hiss.
The bullfrog is no longer more vulnerable to fire.
The bullfrog hits you.
The iguana bites you but does no damage.
An iguana comes into view.
Casting: Scorch (safe; 9% risk of failure)
Confirm with . or Enter, or press ? or * to list all spells.
Flames lash the bullfrog.
The bullfrog is heavily wounded.
The bullfrog's fire resistance burns away.
The iguana hisses angrily.
The bullfrog completely misses you. The iguana bites you!
* * * LOW HITPOINT WARNING * * *
The bullfrog closely misses you.
The iguana is no longer more vulnerable to fire.
The bullfrog hits you but does no damage.
The iguana bites you!
* * * LOW HITPOINT WARNING * * *
You fly upwards.
There is a stone staircase leading down here.
You hit the iguana.
The iguana is heavily wounded.
The bullfrog barely misses you. The iguana bites you.
* * * LOW HITPOINT WARNING * * *
The bullfrog hits you but does no damage.
The iguana bites you.
* * * LOW HITPOINT WARNING * * *
The bullfrog attacks as you move away! The bullfrog barely misses you.
The iguana attacks as you move away! The iguana closely misses you.
The bullfrog hits you but does no damage.
The iguana attacks as you move away! The iguana bites you.
You die...

##.............## #.....#
##.....#.....## #.....#
##..##.####### ### #.....#
###..###.# ##.# ####.## #...##
#.# ###..# #.# ..### #.#
##....########.## #.####
#.#######..##...........#
#....###.#.......###...........#
.......#.#.....F@###...........#
≈......#.#.....>l##....######.##
≈≈≈.)....#.....[.....### #.#
≈≈≈≈≈...........##...# #.#
≈≈≈≈≈≈.....####.##.#.# #.#
≈≈≈≈≈≈....####..##.#.# #.#
≈≈≈≈≈≈...####...##.#.# #.#
≈≈≈≈≈≈.#......#.##.#.# #.#
≈≈≈≈≈.....#####....#.## #.#


You could see a bullfrog (combustible) and an iguana.

Vanquished Creatures
  A water moccasin (D:5)
  Duvessa (D:5)
  A centaur (D:6)
  2 scorpions
  Dowan (D:5)
  A howler monkey (D:5)
  2 iguanas
  6 gnolls
  3 adders
  A white imp (D:6)
  An ufetubus (D:5)
  2 worms (D:2)
  A dart slug (D:2)
  5 orcs
  7 endoplasms
  4 giant cockroaches
  4 hobgoblins
  3 quokkas
  5 ball pythons
  9 bats
  5 frilled lizards
  5 goblins
  12 kobolds
  6 rats
88 creatures vanquished.

Vanquished Creatures (collateral kills)
  A dart slug (D:1)
  A foxfire (D:3)
2 creatures vanquished.

Vanquished Creatures (others)
  231 foxfires
231 creatures vanquished.

Grand Total: 321 creatures vanquished

Notes
Turn   | Place    | Note
-------+----------+-------------------------------------------
     0 | D:1      | willwatts the Djinni Fire Elementalist began the quest for
                  | the Orb.
     0 | D:1      | willwatts set off with the following spells memorised:
                  | Foxfire, Scorch, Kindle Blastsparks, Inner Flame, Flame
                  | Wave.
     0 | D:1      | Reached XP level 1. HP: 15/15 MP: 0/0
   155 | D:1      | Reached XP level 2. HP: 18/21 MP: 0/0
   388 | D:1      | Reached skill level 3 in Spellcasting
   388 | D:1      | Reached XP level 3. HP: 21/25 MP: 0/0
   388 | D:1      | Learned a level 1 spell: Necrotise
   474 | D:1      | Found Todeenye's Weapon Emporium.
  1353 | D:2      | Reached XP level 4. HP: 31/31 MP: 0/0
  1841 | D:3      | Found an iron altar of Okawaru.
  1945 | D:3      | Found a faded altar of an unknown god.
  2046 | D:3      | Found a shimmering altar of Xom.
  2224 | D:3      | Reached skill level 1 in Ranged Weapons
  2224 | D:3      | Reached XP level 5. HP: 27/36 MP: 0/0
  2224 | D:3      | Learned a level 2 spell: Wereblood
  2226 | D:3      | Reached skill level 1 in Fighting
  2528 | D:4      | Identified the +3 dagger "Rankutah" {heavy, rC+ Int+5}
  2604 | D:4      | Reached skill level 1 in Armour
  2750 | D:4      | Reached XP level 6. HP: 43/43 MP: 0/0
  3273 | D:5      | Entered Level 5 of the Dungeon
  3330 | D:5      | Found a staircase to the Ecumenical Temple.
  3343 | Temple   | Entered the Ecumenical Temple
  3747 | Temple   | Became a worshipper of Qazlal Stormbringer
  3917 | D:5      | Noticed Duvessa
  3931 | D:5      | Killed Duvessa
  3932 | D:5      | Reached skill level 1 in Throwing
  3932 | D:5      | Noticed Dowan
  3947 | D:5      | Reached XP level 7. HP: 27/49 MP: 0/0
  3947 | D:5      | Learned a level 3 spell: Teleport Other
  3988 | D:5      | Killed Dowan
  3989 | D:5      | Reached skill level 1 in Short Blades
  4495 | D:6      | Noticed a water moccasin
  4522 | D:5      | Killed a water moccasin
  4523 | D:5      | Reached skill level 4 in Spellcasting
  4523 | D:5      | Reached XP level 8. HP: 6/55 MP: 0/0
  4591 | D:5      | Slain by an iguana

Illustrated notes

Levels and vault maps discovered:
D:1:      nzn_arrival_crosshair, layout_rooms, serial_shops,
          nicolae_shop_statue_plus
D:2:      layout_basic
D:3:      layout_rooms, okawaru_gym_becter, nicolae_overflow_crystal_walls,
          shapermc_ecumenical_altar_mp_urbaneastern
D:4:      layout_basic, minivault_26
D:5:      layout_rooms, temple_pool_b, uniq_duvessa
D:6:      layout_basic, grunt_temple_overflow_open, interstate_on_off,
          hangedman_decor_peaks_small, grunt_ministairs_7
Temple:   dpeg_chambers_temple

Skill      XL: |  1  2  3  4  5  6  7 |
---------------+----------------------+-----
Spellcasting   | 3 4 |  4.0
Stealth        | 2 |  2.4
Ranged Weapons | 1 |  1.3
Fighting       | 1 2 |  2.5
Armour         | 1 2 3 |  3.4
Throwing       | 1 2 |  2.2
Short Blades   | 1 |  1.2
Dodging        | 3 |  3.2
Evocations     | |  0.7

Action                   |  1- 3 |  4- 6 |  7- 9 || total
-------------------------+-------+-------+-------++-------
Melee: Dagger            |     1 |    38 |    14 ||    53
       Short sword       |    13 |    15 |       ||    28
       Punch             |       |       |     1 ||     1
 Fire: Sling             |     7 |    20 |       ||    27
Throw: Javelin           |       |     4 |       ||     4
       Dart              |       |    25 |       ||    25
       Boomerang         |       |     1 |     6 ||     7
 Cast: Foxfire           |    57 |    40 |    46 ||   143
       Scorch            |     5 |     2 |     5 ||    12
       Necrotise         |     2 |       |       ||     2
Evoke: Wand              |       |     6 |       ||     6
  Use: Scroll            |     3 |     5 |     4 ||    12
Armor: Robe              |     2 |       |       ||     2
       Ring mail         |     8 |    38 |    23 ||    69
Dodge: Dodged            |    19 |    66 |    29 ||   114

Table legend: (Time is in decaauts)
 A = Elapsed time spent in this place.
 B = Non-inter-level travel time spent in this place.
 C = Inter-level travel time spent in this place.
 D = Time resting spent in this place.
 E = Time spent auto-exploring this place.
 F = Levels seen in this place.
 G = Mean time per level.
                   A        B        C        D        E       F      G
               +--------+--------+--------+--------+--------+-----+--------+
         Total |   4647 |   4298 |    349 |      0 |    967 |   7 |  663.9 |
       Dungeon |   4217 |   3868 |    349 |      0 |    967 |   6 |  702.8 |
        Temple |    430 |    430 |      0 |      0 |      0 |   1 |  430.0 |
               +--------+--------+--------+--------+--------+-----+--------+

Top non-repeatable levels by time:
     D:2: 1011 daAuts
     D:5: 849 daAuts
     D:4: 826 daAuts
     D:3: 741 daAuts
     D:1: 738 daAuts
  Temple: 430 daAuts
     D:6: 50 daAuts
